 Dungeon Crawl Stone Soup version 0.30-a0-779-g7971cf19c3 (webtiles) character file.

Game seed: 13352649116356136808

28 Adverbial the Insei (level 3, -6/23 HPs)
             Began as an Octopode Transmuter on Feb 17, 2023.
             Mangled by an orc
             ... wielding a +0 trident
              (8 damage)
             ... on level 3 of the Dungeon.
             The game lasted 00:06:37 (774 turns).

Adverbial the Insei (Octopode Transmuter)            Turns: 774, Time: 00:06:38

Health: -6/23      AC:  1    Str:  9    XL:     3   Next: 14%
Magic:  5/6        EV: 13    Int: 17    God:
Gold:   34         SH:  0    Dex: 12    Spells: 5/6 levels left

rFire   x . .      SeeInvis .    h - +0 mace
rCold   + . .      Faith    .    (no shield)
rNeg    . . .      Spirit   .    (helmet currently unavailable)
rPois   .          Reflect  .    (no amulet)
rElec   .          Harm     .    f - ring of ice
rCorr   .          Rampage  .    (no ring)
Will    .....                    (no ring)
Stlth   ++                       (no ring)
HPRegen 0.23/turn                (no ring)
MPRegen 0.10/turn                (no ring)
                                 (no ring)
                                 (no ring)

@: appendages
A: tentacle spike 3, almost no armour, amphibious, 8 rings, camouflage 1,
gelatinous body 1, (nimble swimmer 1), tentacles
a: End Transformation


You were on level 3 of the Dungeon.
One of your tentacles had grown a beastly spike.
You visited 1 branch of the dungeon, and saw 3 of its levels.

You collected 34 gold pieces.

Inventory:

Hand Weapons
 h - a +0 mace (weapon)
Jewellery
 f - a ring of ice (left tentacle)
Scrolls
 c - 2 scrolls of identify {unknown}
 d - a scroll of blinking {unknown}
 i - a scroll of amnesia {unknown}
Potions
 a - a potion of lignification
 b - a potion of heal wounds {unknown}
 e - a potion of curing {unknown}
 g - a potion of mutation {unknown}


   Skills:
 + Level 1.5 Fighting
 + Level 2.3 Dodging
 + Level 3.2 Unarmed Combat
 + Level 2.2 Spellcasting
 + Level 2.3 Transmutations


You had 5 spell levels left.
You knew the following spells:

 Your Spells              Type           Power      Damage    Failure   Level
a - Beastly Appendage     Tmut           18%        N/A       7%          1

Your spell library contained the following spells:

 Spells                   Type           Power      Damage    Failure   Level
 Wereblood                Tmut           9%         N/A       11%         2
 Spider Form              Tmut/Pois      5%         N/A       34%         3
 Ice Form                 Ice/Tmut       8%         N/A       75%         4


Dungeon Overview and Level Annotations

Branches:
Dungeon (3/15)

Altars:


Innate Abilities, Weirdness & Mutations

One of your tentacles has grown a beastly spike.
You cannot wear most types of armour.
You are amphibious.
You can wear up to eight rings at the same time.
Your skin changes colour to match your surroundings (Stealth+).
Your rubbery body absorbs attacks. (AC +1, EV +1)
((You are camouflaged when in or above water. (Stealth+)))
You have tentacles for arms and can constrict up to eight enemies at once.


Message History

You sock the endoplasm!
You kill the endoplasm!
Found a war axe.
You see here a +0 war axe.
You open the door. 4 orcs come into view.
Found a faded altar of an unknown god.
The orc shouts!
There is an open door here.
Found 14 gold pieces.
The orc closely misses you. The orc attacks as you move away!
The orc hits you with a +0 trident. The orc barely misses you.
There is an open door here.
Unknown command.
The orc hits you with a +0 trident.
There is an open door, spattered with blood here.
The orc attacks as you move away! The orc completely misses you.
The orc attacks as you move away! The orc hits you with a +0 trident.
The orc hits you from afar with a +0 trident.
You closely miss the orc. Your grab misses the orc.
The orc hits you from afar with a +0 trident.
* * * LOW HITPOINT WARNING * * *
The orc completely misses you. The orc misses you. The orc barely misses you.
Casting: Beastly Appendage (safe; 7% risk of failure)
Confirm with . or Enter, or press ? or * to list all spells.
One of your tentacles grows a vicious spike.
The orc barely misses you. The orc completely misses you.
You hit the orc but do no damage. Your grab misses the orc.
The orc barely misses you. The orc hits you with a +0 dagger.
* * * LOW HITPOINT WARNING * * *
You hit the orc but do no damage. You grab the orc.
You pierce the orc.
You squeeze the orc, but do no damage.
The orc is lightly wounded.
You constrict the orc. The orc closely misses you. The orc barely misses you.
The orc misses you.
You hit the orc.
You kill the orc!
You closely miss the orc. You grab the orc. You constrict the orc.
The orc hits you from afar with a +0 trident!
You die...

##..⌠.∩..##
#.........#
+...._....+
#.........#
#.......#
#.....# #.oo#
##o## #######@#
........#
#######.##
##)..##### #
#.........# .
##........# #.
#..####..###
#.##..##......
.##.#.......#..#


You could see 3 orcs.

Vanquished Creatures
  A dart slug (D:1)
  An orc (D:3)
  2 bats (D:1)
  3 endoplasms
  A hobgoblin (D:1)
  3 jackals (D:2)
  2 quokkas
  2 ball pythons (D:1)
  A frilled lizard (D:1)
  3 goblins (D:1)
  2 kobolds (D:1)
  A rat (D:2)
22 creatures vanquished.

Notes
Turn   | Place    | Note
-------+----------+-------------------------------------------
     0 | D:1      | Adverbial the Octopode Transmuter began the quest for the
                  | Orb.
     0 | D:1      | Reached XP level 1. HP: 13/13 MP: 3/3
   337 | D:1      | Reached XP level 2. HP: 18/18 MP: 5/5
   688 | D:2      | Reached XP level 3. HP: 14/23 MP: 6/6
   762 | D:3      | Found a faded altar of an unknown god.
   771 | D:3      | HP: 1/23 [orc/+0 dagger (5)]
   774 | D:3      | Mangled by an orc

Illustrated notes

Levels and vault maps discovered:
D:1:      nzn_arrival_depleted_hourglass, layout_loops_corners
D:2:      cheibrodos_pilgrimage, layout_loops_ring, serial_co_window_serial,
          co_window_paths_b, co_window_corner_a, co_window_corner_a,
          co_window_corner_a, co_window_paths_b, co_window_broadway_a,
          co_window_of_opportunity_b, co_window_corner_b, co_window_4corner_a,
          glass_columns_a, glass_columns_c, glass_columns_b, uniq_robin
D:3:      layout_loops_corners, ebering_ecumenical_altar_abandoned,
          serial_shops, shop, minmay_misc_feat_iff

Action                     || total
---------------------------++-------
  Melee: Unarmed           ||    39
         Constrict         ||    15
         Tentacles         ||    14
         Mace              ||    14
         Kick              ||     1
   Cast: Beastly Appendage ||     1
   Stab: Sleeping          ||     2
 Armour: Skin              ||     6
  Dodge: Dodged            ||    53

Table legend: (Time is in decaauts)
 A = Elapsed time spent in this place.
 B = Non-inter-level travel time spent in this place.
 C = Inter-level travel time spent in this place.
 D = Time resting spent in this place.
 E = Time spent auto-exploring this place.
 F = Levels seen in this place.
 G = Mean time per level.
                   A        B        C        D        E       F      G
               +--------+--------+--------+--------+--------+-----+--------+
         Total |    775 |    775 |      0 |      0 |      0 |   3 |  258.3 |
       Dungeon |    775 |    775 |      0 |      0 |      0 |   3 |  258.3 |
               +--------+--------+--------+--------+--------+-----+--------+

Top non-repeatable levels by time:
     D:1: 650 daAuts
     D:2: 88 daAuts
     D:3: 37 daAuts
